 Dungeon Crawl Stone Soup version 0.28-a0-706-gf6f64a616a (webtiles) character file.

Game seed: 407969244812317412

4592 frimble the Destroyer (level 10, -8/70 HPs)
             Began as a Demonspawn Fire Elementalist on Oct 25, 2021.
             Killed from afar by a gargoyle (15 damage)
             ... with a stone arrow
             ... on level 10 of the Dungeon.
             The game lasted 00:12:30 (10415 turns).

frimble the Destroyer (DsFE)                       Turns: 10415, Time: 00:12:31

Health: -8/70      AC: 10    Str:  6 (9)  XL:     10   Next: 18%
Magic:  14/15      EV: 19    Int: 18 (20) God:
Gold:   469        SH:  0    Dex: 12 (13) Spells: 10/15 levels left

rFire   + + .      SeeInvis .   (weapon currently unavailable)
rCold   + + .      Faith    .   (shield currently unavailable)
rNeg    + + +      Spirit   .   (armour currently unavailable)
rPois   ∞          Reflect  .   (helmet currently unavailable)
rElec   +          Harm     .   (cloak currently unavailable)
rCorr   +          Rampage  .   (gloves currently unavailable)
Will    .....                   (boots currently unavailable)
Stlth   ++........              (amulet currently unavailable)
HPRegen 0.21/turn               (ring currently unavailable)
MPRegen 0.28/turn               (ring currently unavailable)

@: wisp-form, flying
A: insubstantial, flying, no casting, tiny, (horns 1), magic regeneration,
demonic magic 2
a: no special abilities


You were on level 10 of the Dungeon.
You were an insubstantial wisp.
You visited 1 branch of the dungeon, and saw 10 of its levels.

You collected 469 gold pieces.

Inventory:

Hand Weapons
 p - a +1 dagger of draining (melded)
Armour
 d - a +2 pair of gloves (melded)
 e - a +0 ring mail (melded)
 i - a +2 cloak of stealth (melded)
Jewellery
 c - a ring of positive energy (melded)
 j - an amulet of reflection (melded)
 n - a +6 ring of dexterity (melded)
Wands
 m - a wand of polymorph (2)
Scrolls
 f - 3 scrolls of identify
 g - 3 scrolls of amnesia
 o - a scroll of enchant armour
Potions
 a - a potion of flight
 h - 2 potions of degeneration
 k - a potion of curing {unknown}
 l - a potion of haste {unknown}


   Skills:
 + Level 3.1 Fighting
 - Level 5.0 Short Blades
 - Level 5.0 Armour
 + Level 3.1 Dodging
 + Level 3.4 Stealth
 + Level 3.4 Spellcasting
 + Level 8.0 Conjurations
 + Level 7.4 Fire Magic


You had 10 spell levels left.
You knew the following spells:

 Your Spells              Type           Power      Damage    Failure   Level
a - Foxfire               Conj/Fire      100%       2x1d9     1%          1
b - Flame Wave            Conj/Fire      30%        3d7       6%          4

Your spell library contained the following spells:

 Spells                   Type           Power      Damage    Failure   Level
 Scorch                   Fire           60%        2d8       1%          2
 Conjure Flame            Conj/Fire      30%        6-21      1%          3
 Inner Flame              Hex/Fire       16%        N/A       10%         3
 Pain                     Necr           12%        1d4       16%         1
 Summon Guardian Golem    Hex/Summ       3%         N/A       43%         3
 Agony                    Necr           3%         N/A       99%         5
 Excruciating Wounds      Necr           1%         N/A       99%         5
 Orb of Destruction       Conj           15%        9d7       99%         7
 Spellforged Servitor     Conj/Summ      8%         N/A       100%        7


Dungeon Overview and Level Annotations

Branches:
Dungeon (10/15)            Temple (0/1) D:6
   Lair: D:8-11         Orc: D:9-12

Altars:
Ashenzari
Okawaru
Ru
Sif Muna
Trog

Annotations:
D:9 diggie


Innate Abilities, Weirdness & Mutations

You are an insubstantial wisp.
Your tiny insubstantial body is highly resistant to most damage types.
You are flying.
Your equipment is entirely melded.
You are incapable of wielding weapons or throwing items.
You cannot cast spells.
((You have a pair of small horns on your head.))
You regenerate magic rapidly.
Spells you cast may paralyse nearby enemies.


Message History

The gargoyle is almost destroyed.
The foxfire hits the gargoyle but does no damage.
The gargoyle is almost destroyed.
The gargoyle hurls a stone arrow at you.
The stone arrow misses you.
Casting: Foxfire (safe; 1% risk of failure)
Confirm with . or Enter, or press ? or * to list all spells.
You conjure some foxfire!
Malevolent energies surge around you.
The gargoyle hurls a stone arrow at you.
The stone arrow hits you!
You hit the gargoyle but do no damage.
The gargoyle is almost destroyed.
The foxfire hits the gargoyle but does no damage.
The gargoyle is almost destroyed.
The gargoyle hits you with a +0 mace!
It was a potion of degeneration.
There was something very wrong with that liquid.
You feel weakened.
You feel dopey.
You feel clumsy.
The gargoyle hurls a stone arrow at you.
The stone arrow hits you!!
* * * LOW HITPOINT WARNING * * *
Okay, then.
Unknown command.
Aiming: Polymorph
Press: ? - help, Shift-Dir - straight line, f - you That beam is likely to hit you.
Continue anyway?
You turn into an insubstantial wisp.
Your +1 dagger of draining melds into your body.
Your +2 cloak of stealth melds into your body.
Your +2 pair of gloves melds into your body.
Your +0 ring mail melds into your body.
Your ring of positive energy melds into your body.
Your +6 ring of dexterity melds into your body.
Your amulet of reflection melds into your body.
You feel less stealthy.
You feel clumsy. The gargoyle closely misses you.
The gargoyle hurls a stone arrow at you.
The stone arrow hits you!
You die...

#.# #.# #♣# #.##############
##.# #...............
#+..########.##############
##..........................
♣..##########...............
#..........9.#.....#########.
#.##########v###<#.# #. #.
#.#...#.#########. #.
#.#.....†......... #
#............#####
#######.####.# #......#
#.####.# ### ###


You could see a gargoyle.

Vanquished Creatures
  A two-headed ogre (D:6)
  Pikel (D:4)
  Maurice (D:8)
  A troll (D:10)
  2 shadows
  A wraith (D:9)
  A vampire (D:10)
  2 water moccasins
  A sky beast (D:5)
  A necrophage (D:5)
  3 black bears
  3 centaurs
  2 kobold brigands (D:9)
  2 lemures (D:4)
  A wyvern zombie (D:6)
  A bullfrog (D:8)
  A water moccasin zombie (D:5)
  2 scorpions (D:4)
  A water moccasin skeleton (D:5)
  5 killer bees (D:9)
  A bullfrog zombie (D:3)
  2 howler monkeys
  3 centaur zombies
  4 hounds
  3 gnoll shamans
  2 orc priests
  Crazy Yiuf (D:4)
  2 iguanas
  Terence (D:2)
  13 gnolls
  2 adders
  An ufetubus (D:4)
  A worm (D:2)
  2 dart slugs
  20 orcs
  2 ball pythons
  12 endoplasms
  6 giant cockroaches
  6 goblins
  7 hobgoblins
  A jackal (D:2)
  13 kobolds
  5 quokkas
  7 bats
  7 frilled lizards
  6 rats
163 creatures vanquished.

Vanquished Creatures (others)
  589 foxfires
  2 plants (D:3)
591 creatures vanquished.

Grand Total: 754 creatures vanquished

Notes
Turn   | Place    | Note
-------+----------+-------------------------------------------
     0 | D:1      | frimble the Demonspawn Fire Elementalist began the quest
                  | for the Orb.
     0 | D:1      | Reached XP level 1. HP: 13/13 MP: 3/3
   686 | D:1      | Gained mutation: You have a pair of small horns on your
                  | head. [demonic ancestry]
   686 | D:1      | Reached XP level 2. HP: 19/19 MP: 0/5
   911 | D:1      | Reached skill level 2 in Conjurations
  1141 | D:1      | Reached skill level 1 in Armour
  1710 | D:2      | Noticed Terence
  1905 | D:3      | Gained mutation: You regenerate magic rapidly. [demonic
                  | ancestry]
  1905 | D:3      | Reached XP level 3. HP: 24/24 MP: 2/6
  1990 | D:3      | Found a faded altar of an unknown god.
  2082 | D:3      | Found a sacrificial altar of Ru.
  2171 | D:3      | Reached XP level 4. HP: 24/30 MP: 3/7
  2363 | D:3      | Reached skill level 3 in Conjurations
  2857 | D:4      | Found a runed translucent door.
  2858 | D:4      | Noticed Crazy Yiuf
  2920 | D:4      | Reached XP level 5. HP: 35/35 MP: 0/8
  3265 | D:4      | Noticed Pikel
  3265 | D:4      | Noticed a lemure
  3265 | D:4      | Noticed a lemure
  3283 | D:4      | Noticed a lemure
  3291 | D:4      | Noticed a lemure
  3298 | D:4      | Killed a lemure
  3298 | D:4      | Killed a lemure
  3298 | D:4      | Killed Pikel
  3299 | D:4      | Reached skill level 4 in Conjurations
  3299 | D:4      | Gained mutation: Spells you cast may paralyse adjacent
                  | enemies. [demonic ancestry]
  3299 | D:4      | Reached XP level 6. HP: 38/41 MP: 7/9
  3299 | D:4      | Gained mutation: Spells you cast may paralyse nearby
                  | enemies. [demonic ancestry]
  3299 | D:4      | Reached XP level 7. HP: 43/46 MP: 7/10
  3511 | D:4      | Reached skill level 5 in Conjurations
  3879 | D:4      | Killed Crazy Yiuf
  3957 | D:5      | Entered Level 5 of the Dungeon
  3968 | D:5      | Reached skill level 5 in Fire Magic
  4391 | D:2      | Killed Terence
  5232 | D:5      | Noticed a shadow
  5244 | D:5      | Killed a shadow
  5245 | D:5      | Reached skill level 1 in Short Blades
  5245 | D:5      | Reached XP level 8. HP: 52/52 MP: 6/11
  5904 | D:5      | Reached skill level 5 in Armour
  5904 | D:5      | Reached skill level 6 in Conjurations
  6560 | D:6      | Found a staircase to the Ecumenical Temple.
  7538 | D:6      | Noticed a two-headed ogre
  7547 | D:6      | Killed a two-headed ogre
  7548 | D:6      | Reached skill level 7 in Conjurations
  7548 | D:6      | Reached XP level 9. HP: 57/57 MP: 6/12
  8113 | D:8      | Reached skill level 1 in Fighting
  8217 | D:8      | Learned a level 4 spell: Flame Wave
  8241 | D:8      | Found a broken altar of Ashenzari.
  8295 | D:8      | Noticed Maurice
  8314 | D:8      | Killed Maurice
  8315 | D:8      | Reached skill level 5 in Short Blades
  8550 | D:8      | Found an iron altar of Okawaru.
  9339 | D:9      | Found a bloodstained altar of Trog.
  9547 | D:9      | Found a shimmering blue altar of Sif Muna.
  9726 | D:9      | Reached XP level 10. HP: 68/68 MP: 8/14
 10203 | D:10     | Entered Level 10 of the Dungeon
 10285 | D:10     | Reached skill level 8 in Conjurations
 10320 | D:10     | Noticed a gargoyle
 10415 | D:10     | Killed from afar by a gargoyle

Illustrated notes

Levels and vault maps discovered:
D:1:      mainiacjoe_arrival_reflecting_pool, layout_basic
D:2:      minmay_diamond_boxcup, layout_loops_ring, minmay_split_cup_small,
          uniq_terence
D:3:      layout_rooms, mainiacjoe_overflow_small_starburst,
          shapermc_ecumenical_altar_flowoftime, minmay_mini_jars
D:4:      layout_cave_pods, minivault_25, uniq_crazy_yiuf_cottage, uniq_pikel
D:5:      layout_loops_corners, dk_noncrumbling_3, kennysheep_generic_room_4
D:6:      kennysheep_big_flooded_room, layout_loops_corners,
          minmay_temple_entry_stoned_glass, kennysheep_nondescript,
          minivault_19, minmay_misc_feat_roman, grunt_ministairs_8,
          minmay_misc_feat_doors
D:7:      layout_cave_pools, marbit_many_paths, mainiacjoe_overflow_paths
D:8:      layout_gridville, okawaru_gym_becter, nicolae_overflow_hidden_temple,
          amcnicky_mini_pool_small, uniq_maurice
D:9:      layout_irregular_city, amcnicky_altar_gilded,
          nicolae_sif_muna_little_library
D:10:     layout_basic, nicolae_overflow_quartered_altars, solitary_fountain,
          kennysheep_generic_room_8

Skill      XL: |  1  2  3  4  5  6  7  8  9 10 |
---------------+-------------------------------+-----
Conjurations   | 2 3 4 5 7 8 |  8.0
Armour         | 1 2 3 4 5 |  5.0
Fire Magic     | 3 4 5 6 7 |  7.4
Short Blades   | 1 4 5 |  5.0
Dodging        | 2 3 |  3.1
Stealth        | 3 |  3.4
Fighting       | 2 3 |  3.1
Spellcasting   | 3 |  3.4

Action                   |  1- 3 |  4- 6 |  7- 9 | 10-12 || total
-------------------------+-------+-------+-------+-------++-------
Melee: Unarmed           |    55 |       |       |       ||    55
       Dagger            |    45 |    47 |   268 |    28 ||   388
       Headbutt          |    11 |     5 |    41 |     4 ||    61
 Cast: Foxfire           |    42 |    45 |   213 |    38 ||   338
Evoke: Wand              |       |       |     1 |     1 ||     2
  Use: Potion            |     3 |       |       |     1 ||     4
       Scroll            |     1 |     2 |     7 |     1 ||    11
 Stab: Sleeping          |     1 |       |     4 |     1 ||     6
       Paralysed         |       |       |    26 |     5 ||    31
Armor: Ring mail         |    77 |    42 |   174 |     8 ||   301
       Robe              |     4 |       |       |       ||     4
Dodge: Dodged            |    99 |    34 |   150 |    19 ||   302
Block: Other             |       |       |     7 |     5 ||    12

Table legend: (Time is in decaauts)
 A = Elapsed time spent in this place.
 B = Non-inter-level travel time spent in this place.
 C = Inter-level travel time spent in this place.
 D = Time resting spent in this place.
 E = Time spent auto-exploring this place.
 F = Levels seen in this place.
 G = Mean time per level.
                   A        B        C        D        E       F      G
               +--------+--------+--------+--------+--------+-----+--------+
         Total |  10408 |   9955 |    453 |      0 |   8366 |  10 | 1040.8 |
       Dungeon |  10408 |   9955 |    453 |      0 |   8366 |  10 | 1040.8 |
               +--------+--------+--------+--------+--------+-----+--------+

Top non-repeatable levels by time:
     D:1: 1518 daAuts
     D:9: 1437 daAuts
     D:6: 1413 daAuts
     D:5: 1386 daAuts
     D:2: 1333 daAuts
     D:4: 1229 daAuts
     D:8: 968 daAuts
     D:3: 951 daAuts
    D:10: 147 daAuts
     D:7: 21 daAuts
